 Dungeon Crawl Stone Soup version 0.30-a0-557-ge2afbf3030 (webtiles) character file.

Game seed: 8155001168269073856

3003 AmberJosephineTwo the Thaumaturge (level 9, -4/45 HPs)
             Began as a Deep Elf Ice Elementalist on Dec 22, 2022.
             Was a Follower of Cheibriados.
             Slain by a tengu warrior
             ... wielding a +0 battleaxe
              (10 damage)
             ... on level 10 of the Dungeon on Dec 27, 2022.
             The game lasted 00:14:54 (2403 turns).

AmberJosephineTwo the Thaumaturge (DEIE)            Turns: 2403, Time: 00:14:54

Health: -4/45      AC:  8    Str:  8    XL:     9   Next: 54%
Magic:  21/27      EV: 13    Int: 28    God:    Cheibriados [*.....]
Gold:   162        SH:  0    Dex: 18    Spells: 19/33 levels left

rFire   . . .      SeeInvis .    q - +3 flail (drain)
rCold   . . .      Faith    +    (no shield)
rNeg    . . .      Spirit   .    a - +0 robe
rPois   .          Reflect  .    g - +0 helmet
rElec   .          Harm     .    o - +2 cloak
rCorr   .          Rampage  .    c - +0 pair of gloves
Will    .....                    s - +0 pair of boots
Stlth   ++                       u - amulet of faith
HPRegen 0.27/turn                (no ring)
MPRegen 0.20/turn                (no ring)

@: freezing walls, very slow
A: no striking features
a: Renounce Religion, Bend Time


You were on level 10 of the Dungeon.
You worshipped Cheibriados.
Cheibriados was aware of your devotion.
You visited 1 branch of the dungeon, and saw 10 of its levels.

You collected 190 gold pieces.
You spent 28 gold pieces at shops.

Inventory:

Hand Weapons
 q - a +3 flail of draining (weapon)
Armour
 a - a +0 robe (worn)
 c - a +0 pair of gloves (worn)
 g - a +0 helmet (worn)
 h - the +0 pair of gloves "Pughuw" {rElec rF+ Str-5 Stlth+}
   (You found it on level 2 of the Dungeon)

   Str:       It affects your strength (-5).
   rF:        It protects you from fire.
   rElec:     It insulates you from electricity.
   Stlth:     It makes you more stealthy.
 i - a +0 pair of gloves
 o - a +2 cloak (worn)
 s - a +0 pair of boots (worn)
Jewellery
 u - an amulet of faith (around neck)
Wands
 r - a wand of digging (4)
Scrolls
 d - 2 scrolls of blinking {!r}
 e - a scroll of teleportation {!r}
 j - 2 scrolls of amnesia {!r}
Potions
 b - a potion of magic {!q}
 f - a potion of brilliance {!q}
 l - 3 potions of degeneration {!q}
 m - a potion of cancellation {!q, unknown}
 n - a potion of curing {!q, unknown}
 p - a potion of attraction {!q, unknown}
 t - a potion of berserk rage {!q, unknown}


   Skills:
 - Level 2.4 Dodging
 + Level 2.5 Stealth
 + Level 12.5 Spellcasting
 + Level 11.2 Ice Magic


You had 19 spell levels left.
You knew the following spells:

 Your Spells              Type           Power      Damage    Failure   Level
a - Freeze                Ice            100%       1d10      1%          1
b - Frozen Ramparts       Ice            100%       1d16      1%          3
c - Summon Ice Beast      Ice/Summ       49%        N/A       3%          4
d - Death Channel         Necr           8%         N/A       99%         6

Your spell library contained the following spells:

 Spells                   Type           Power      Damage    Failure   Level
 Ozocubu's Armour         Ice            69%        N/A       1%          3
 Cigotuvi's Dreadful Rot  Necr/Pois/Air  34%        N/A       4%          2
 Dispel Undead            Necr           17%        3d10      30%         4


Dungeon Overview and Level Annotations

Branches:
Dungeon (10/15)
 Temple: D:4-7         Lair: D:8-11         Orc: D:9-12

Altars:
Cheibriados
Dithmenos
Makhleb

Shops:
D:1 *   D:3 *

Annotations:
D:5 Menkaure
D:7 exclusion: upstairs


Message History

You feel much better.
The wall freezes the tengu warrior.
The tengu warrior hits you with a +0 battleaxe!!
* * * LOW HITPOINT WARNING * * *
The tengu warrior barely misses your ice beast.
The tengu warrior pecks you.
* * * LOW HITPOINT WARNING * * *
The tengu warrior closely misses you.
Your ice beast closely misses the tengu warrior.
The wall freezes the tengu warrior!
The tengu warrior closely misses you.
The tengu warrior closely misses your ice beast.
The tengu warrior pecks you.
* * * LOW HITPOINT WARNING * * *
The tengu warrior claws you but does no damage.
Really quaff
k - a potion of heal wounds {!q}?
You feel much better.
The wall freezes the tengu warrior.
The tengu warrior hits you with a +0 battleaxe!
* * * LOW HITPOINT WARNING * * *
The tengu warrior hits your ice beast with a +0 battleaxe!
The tengu warrior pecks you but does no damage.
The tengu warrior claws you but does no damage.
Your ice beast misses the tengu warrior.
The wall freezes the tengu warrior!
The tengu warrior hits you with a +0 battleaxe!
* * * LOW HITPOINT WARNING * * *
The tengu warrior completely misses your ice beast.
The tengu warrior pecks you but does no damage.
The tengu warrior claws you but does no damage.
You barely miss the tengu warrior.
The tengu warrior is severely wounded.
The wall freezes the tengu warrior.
The tengu warrior hits you with a +0 battleaxe.
* * * LOW HITPOINT WARNING * * *
The tengu warrior barely misses your ice beast.
The tengu warrior pecks you.
* * * LOW HITPOINT WARNING * * *
The tengu warrior closely misses you.
Your ice beast misses the tengu warrior.
The wall freezes the tengu warrior.
The tengu warrior hits you with a +0 battleaxe!
You die...

.#.......'..#####......#
.#.......#..# #......#
.#.......#..'.. #......#
.#.......#..#...+......#
.#.......#..#...#......####
.#.......#..# ..#..........
.#.......#..# ..#..........
.#####...#..#####..+#######
.....#####.....Q@..#
.....### ......QY..#
.....#.##.....####.#
........##... #.#
######.##### #.# ### #.# .#


You could see 2 tengu warriors and a friendly ice beast (summoned).

Vanquished Creatures
  2 two-headed ogres
  2 steam dragons
  Duvessa (D:7)
  2 sky beasts (D:6)
  2 centaurs
  A kobold brigand (D:7)
  A bullfrog (D:6)
  4 scorpions
  Dowan (D:7)
  4 killer bees (D:8)
  A howler monkey (D:8)
  2 hounds
  2 jellies (D:7)
  Crazy Yiuf (D:7)
  A gnoll bouda (D:5)
  2 orc wizards
  10 gnolls
  A shadow imp (D:7)
  A white imp (D:7)
  3 orcs (D:10)
  A ball python (D:1)
  A bat (D:2)
  4 endoplasms
  3 giant cockroaches
  2 hobgoblins
  2 quokkas
  A frilled lizard (D:3)
  3 goblins
  8 kobolds
  2 rats (D:1)
71 creatures vanquished.

Vanquished Creatures (collateral kills)
  A gnoll sergeant (D:9)
  2 killer bees (D:8)
  A gnoll (D:9)
4 creatures vanquished.

Vanquished Creatures (others)
  A fungus (D:3)
  8 plants
9 creatures vanquished.

Grand Total: 84 creatures vanquished

Notes
Turn   | Place    | Note
-------+----------+-------------------------------------------
     0 | D:1      | AmberJosephineTwo the Deep Elf Ice Elementalist began the
                  | quest for the Orb.
     0 | D:1      | Reached XP level 1. HP: 10/10 MP: 6/6
    11 | D:1      | Found Faxaps's Assorted Antiques.
   128 | D:1      | Reached XP level 2. HP: 14/15 MP: 5/8
   196 | D:2      | Identified the +0 pair of gloves "Pughuw" {rElec rF+ Str-5
                  | Stlth+}
   490 | D:3      | Found a shadowy altar of Dithmenos.
   506 | D:3      | Reached skill level 4 in Spellcasting
   506 | D:3      | Reached skill level 5 in Ice Magic
   506 | D:3      | Reached XP level 3. HP: 3/19 MP: 0/10
   510 | D:3      | Learned a level 3 spell: Frozen Ramparts
   560 | D:3      | Found Nilig's General Store.
   567 | D:3      | Bought a scroll of identify for 28 gold pieces
   587 | D:3      | Noticed a scorpion
   603 | D:3      | Killed a scorpion
   604 | D:3      | Reached skill level 5 in Spellcasting
   604 | D:3      | Reached XP level 4. HP: 24/24 MP: 3/13
   617 | D:3      | Found a faded altar of an unknown god.
   754 | D:5      | Entered Level 5 of the Dungeon
   770 | D:5      | Noticed Menkaure
   817 | D:5      | Reached XP level 5. HP: 25/28 MP: 3/15
   862 | D:5      | Reached skill level 6 in Spellcasting
  1032 | D:5      | Found a burning altar of Makhleb.
  1037 | D:5      | Reached XP level 6. HP: 31/32 MP: 11/17
  1057 | D:6      | Noticed a sky beast
  1062 | D:6      | Killed a sky beast
  1063 | D:6      | Reached skill level 7 in Spellcasting
  1069 | D:6      | Noticed a sky beast
  1079 | D:6      | Killed a sky beast
  1080 | D:6      | Reached XP level 7. HP: 33/36 MP: 6/20
  1096 | D:6      | Noticed a steam dragon
  1327 | D:7      | Found a snail-covered altar of Cheibriados.
  1328 | D:7      | Noticed a two-headed ogre
  1339 | D:7      | Killed a two-headed ogre
  1340 | D:7      | Reached skill level 9 in Spellcasting
  1340 | D:7      | Reached XP level 8. HP: 30/41 MP: 15/23
  1345 | D:7      | Noticed Duvessa
  1377 | D:7      | Learned a level 4 spell: Summon Ice Beast
  1482 | D:7      | Became a worshipper of Cheibriados the Contemplative
  1538 | D:7      | Learned a level 6 spell: Death Channel
  1594 | D:7      | Reached skill level 10 in Spellcasting
  1651 | D:7      | Found a runed translucent door.
  1652 | D:7      | Noticed Crazy Yiuf
  1659 | D:7      | Killed Crazy Yiuf
  1772 | D:8      | Reached * piety under Cheibriados
  1776 | D:8      | Upgraded the game from 0.30-a0-509-gd016549fea to
                  | 0.30-a0-528-g8c47a4955b
  1785 | D:8      | Noticed a two-headed ogre
  1793 | D:8      | Killed a two-headed ogre
  1794 | D:8      | Reached skill level 11 in Spellcasting
  1794 | D:8      | Reached skill level 10 in Ice Magic
  1794 | D:8      | Reached XP level 9. HP: 20/45 MP: 9/26
  1798 | D:8      | HP: 2/45 [something/ball of steam (19)]
  1972 | D:7      | Noticed Dowan
  1983 | D:7      | Killed Duvessa
  1986 | D:7      | Killed Dowan
  2025 | D:6      | Upgraded the game from 0.30-a0-528-g8c47a4955b to
                  | 0.30-a0-553-g7fabdf1491
  2050 | D:6      | Reached skill level 12 in Spellcasting
  2240 | D:9      | Upgraded the game from 0.30-a0-553-g7fabdf1491 to
                  | 0.30-a0-557-ge2afbf3030
  2302 | D:10     | Entered Level 10 of the Dungeon
  2393 | D:10     | Noticed a tengu warrior
  2398 | D:10     | Noticed a tengu warrior
  2403 | D:10     | Slain by a tengu warrior

Illustrated notes

Levels and vault maps discovered:
D:1:      spicycebolla_arrival_clurvy, layout_loops_cross, serial_shops, shop
D:2:      layout_loops_corners, st_stairs_12
D:3:      layout_basic, tso_altar, mainiacjoe_overflow_alcove_1,
          old_standard_altar, mainiacjoe_overflow_24_doors,
          mainiacjoe_overflow_tiny_flanked, shapermc_ecumenical_altar_gd,
          serial_shops, nicolae_square_shop, shop, shop, minmay_joined_circles
D:4:      layout_loops_corners, trog_wizard, minmay_temple_entry_statues_pillars
D:5:      layout_layer_cave, bloody_makhleb, uniq_menkaure
D:6:      layout_cave_pools, gup_sewer_entry_bowl
D:7:      layout_basic, nicolae_overflow_crystal_walls, uniq_crazy_yiuf_cottage,
          uniq_duvessa
D:8:      layout_cave_pools, grunt_qazlal_sundering, kennysheep_generic_room_2
D:9:      layout_basic, serial_bayou_pond_c
D:10:     layout_irregular_city, tgw_sif, enter_bailey_2, nrook_loot_triangle,
          moated_statue, minivault_11, uniq_sonja

Skill      XL: |  1  2  3  4  5  6  7  8  9 |
---------------+----------------------------+-----
Spellcasting   | 4 5 6 7 9 11 12 | 12.5
Ice Magic      | 5 6 7 8 10 11 | 11.2
Dodging        | |  2.4
Stealth        | |  2.5

Action                   |  1- 3 |  4- 6 |  7- 9 || total
-------------------------+-------+-------+-------++-------
Melee: Unarmed           |     3 |       |       ||     3
       Flail             |       |       |     6 ||     6
 Cast: Freeze            |    26 |    29 |    41 ||    96
       Frozen Ramparts   |     2 |     6 |    18 ||    26
       Summon Ice Beast  |       |       |     6 ||     6
  Use: Scroll            |     4 |     2 |     8 ||    14
       Potion            |       |       |     3 ||     3
Armor: Robe              |     1 |     4 |    23 ||    28
Dodge: Dodged            |    15 |    14 |    55 ||    84

Table legend: (Time is in decaauts)
 A = Elapsed time spent in this place.
 B = Non-inter-level travel time spent in this place.
 C = Inter-level travel time spent in this place.
 D = Time resting spent in this place.
 E = Time spent auto-exploring this place.
 F = Levels seen in this place.
 G = Mean time per level.
                   A        B        C        D        E       F      G
               +--------+--------+--------+--------+--------+-----+--------+
         Total |   2592 |   2502 |     90 |    498 |      0 |  10 |  259.2 |
       Dungeon |   2592 |   2502 |     90 |    498 |      0 |  10 |  259.2 |
               +--------+--------+--------+--------+--------+-----+--------+

Top non-repeatable levels by time:
     D:7: 917 daAuts
     D:2: 227 daAuts
     D:5: 213 daAuts
     D:3: 212 daAuts
     D:8: 204 daAuts
     D:6: 203 daAuts
     D:4: 199 daAuts
     D:1: 196 daAuts
    D:10: 137 daAuts
     D:9: 79 daAuts
